 Dungeon Crawl Stone Soup version 0.30-a0-1160-g6e42c06551 (webtiles) character file.

Game seed: 17857612755594421423

134 BlueFish the Sneak (level 5, -4/36 HPs)
             Began as an Octopode Fighter on Apr 26, 2023.
             Slain by Edmund
             ... wielding a +0 flail of protection
              (11 damage)
             ... on level 4 of the Dungeon.
             The game lasted 00:03:31 (1124 turns).

BlueFish the Sneak (Octopode Fighter)               Turns: 1124, Time: 00:03:32

Health: -4/36      AC:  1    Str: 18    XL:     5   Next: 17%
Magic:  5/5        EV: 13    Int: 10    God:
Gold:   69         SH:  4    Dex: 11    Spells: 4/4 levels left

rFire   . . .        a - +1 hammer (venom)
rCold   + . .        m - +0 buckler
rNeg    . . .        (helmet restricted)
rPois   .            f - amulet of the acrobat
rElec   .            o - ring of protection from cold
rCorr   .            (no ring)
SInv    .            (no ring)
Will    .....        (no ring)
Stlth   +++          (no ring)
HPRegen 0.26/turn    (no ring)
MPRegen 0.09/turn    (no ring)
                     (no ring)

%: acrobat
@: mighty
A: almost no armour, amphibious, 8 rings, camouflage 1, gelatinous body 1,
(nimble swimmer 1), tentacles
a: no special abilities


You were on level 4 of the Dungeon.
You visited 1 branch of the dungeon, and saw 4 of its levels.

You collected 69 gold pieces.

Inventory:

Hand Weapons
 a - a +1 hammer of venom (weapon)
 b - a +0 sling
 n - a +0 flail
 s - a +0 whip
Missiles
 d - 30 stones (quivered)
 k - 3 poisoned darts
Armour
 m - a +0 buckler (worn)
Jewellery
 f - an amulet of the acrobat (around mantle)
 o - a ring of protection from cold (left tentacle)
Scrolls
 e - a scroll of blinking
 h - a scroll of fear {unknown}
 i - a scroll of poison {unknown}
 l - a scroll of amnesia {unknown}
 p - a scroll of vulnerability {unknown}
 t - a scroll of fog {unknown}
 u - a scroll of teleportation {unknown}
Potions
 j - 3 potions of curing
 q - 4 potions of resistance
 r - a potion of haste {unknown}


   Skills:
 + Level 3.4 Fighting
 + Level 2.5 Maces & Flails
 + Level 1.3 Throwing
 + Level 3.4 Dodging
 * Level 3.7 Stealth
 + Level 3.5 Shields


You had 4 spell levels left.
You didn't know any spells.
Your spell library contained the following spells:

 Spells                   Type           Power      Damage    Failure   Level
 Necrotise                Necr           0%         1d4       43%         1
 Sublimation of Blood     Necr           0%         N/A       58%         2
 Vampiric Draining        Necr           0%         2d6       82%         3
 Petrify                  Tmut/Erth      0%         N/A       99%         4
 Agony                    Necr           0%         N/A       100%        5
 Irradiate                Conj/Tmut      0%         3d11      100%        5


Dungeon Overview and Level Annotations

Branches:
Dungeon (4/15)
 Temple: D:4-7

Altars:

Annotations:
D:4 Edmund


Innate Abilities, Weirdness & Mutations

You cannot wear most types of armour.
You are amphibious.
You can wear up to eight rings at the same time.
Your skin changes colour to match your surroundings (Stealth+).
Your rubbery body absorbs attacks. (AC +1, EV +1)
((You are camouflaged when in or above water. (Stealth+)))
You have tentacles for arms and can constrict up to eight enemies at once.


Message History

You kill the orc!
You block the orc's attack.
You hit the orc.
You kill the orc!
You barely miss the orc. Your grab misses the orc. You squeeze the orc.
The orc is severely wounded.
The orc closely misses you.
You hit the orc.
You kill the orc!
The orc misses you.
Items here: ))) [[ †.
You hit the orc. Your grab misses the orc.
The orc is moderately wounded.
You hear the slow hiss of a distant avalanche of sand.
The orc priest calls upon Beogh to heal the orc.
The orc's wounds heal themselves!
The orc misses you.
You hit the orc priest.
The orc priest is poisoned.
You grab the orc priest.
The orc priest is moderately wounded.
You constrict the orc priest. The orc barely misses you.
The orc priest hits you with a +0 club.
You hit the orc priest.
You squeeze the orc priest, but do no damage.
The orc priest is almost dead.
You constrict the orc priest, but do no damage.
The orc closely misses you. You block the orc priest's attack.
The orc priest closely misses you. The orc hits you with a +0 dagger.
You sock the orc!
You kill the orc!
You constrict the orc priest.
You kill the orc priest!
You have reached level 5!
You feel stronger.
You feel very mighty all of a sudden.
Edmund hits you with a +0 flail of protection!
* * * LOW HITPOINT WARNING * * *
You hit Edmund.
Edmund is poisoned.
Your grab misses Edmund. Your squeeze misses Edmund.
Edmund is lightly wounded.
Edmund hits you with a +0 flail of protection!
You die...

#...#.....#...#....
#####....###...###...##
........#...#.......#..
.........#...###...###..
oo....##.#...#..#.#..#..
..o.. ...###...#.#...##
...[o ...#.....#.#.....
......####...###...###..
.....#@....#...#.#...#.
#.@)..###...#.#...##
#....#..#...#.#...#
#....#...###...###..
#..........#...# ..
#...........###...##
############# ####


You could see Edmund (very poisoned).

Vanquished Creatures
  An orc priest (D:4)
  Crazy Yiuf (D:2)
  A worm (D:2)
  5 dart slugs
  4 orcs (D:4)
  6 endoplasms
  7 goblins
  8 hobgoblins
  7 kobolds
  3 quokkas
  4 ball pythons (D:1)
  4 bats
  5 rats
56 creatures vanquished.

Notes
Turn   | Place    | Note
-------+----------+-------------------------------------------
     0 | D:1      | BlueFish the Octopode Fighter began the quest for the Orb.
     0 | D:1      | Reached XP level 1. HP: 16/16 MP: 1/1
    19 | D:1      | Reached skill level 1 in Stealth
    22 | D:1      | Reached XP level 2. HP: 21/21 MP: 2/2
   141 | D:1      | Found a faded altar of an unknown god.
   314 | D:1      | Reached XP level 3. HP: 26/26 MP: 3/3
   676 | D:2      | Reached XP level 4. HP: 31/31 MP: 4/4
   726 | D:2      | Found a runed translucent door.
   727 | D:2      | Noticed Crazy Yiuf
   734 | D:2      | Killed Crazy Yiuf
   735 | D:2      | Reached skill level 1 in Throwing
  1020 | D:3      | You fall into a shaft and drop 1 floor!
  1079 | D:4      | Noticed Edmund
  1123 | D:4      | Reached XP level 5. HP: 18/36 MP: 5/5
  1124 | D:4      | Slain by Edmund

Illustrated notes

Levels and vault maps discovered:
D:1:      tarquinn_simple_flora_water_d, layout_basic, basic_ecumenical_altar
D:2:      layout_rooms, minmay_small_reverse_x, uniq_crazy_yiuf_cottage
D:3:      layout_rooms, ashenzari_conservatory_becter,
          mainiacjoe_overflow_surrounded_room, serial_corexii_hall,
          corexii_hall_statues_s, chequers_hall_statues_corner_a, uniq_robin,
          uniq_grinder
D:4:      layout_gridville, enter_ossuary_2, nicolae_titane, uniq_edmund

Skill      XL: |  1  2  3  4 |
---------------+-------------+-----
Stealth        | 1 2 3 |  3.7
Throwing       | 1 |  1.3
Fighting       | |  3.4
Maces & Flails | |  2.5
Dodging        | |  3.4
Shields        | |  3.5

Action                     |  1- 3 |  4- 6 || total
---------------------------+-------+-------++-------
  Melee: Flail             |    43 |       ||    43
         Constrict         |    16 |     4 ||    20
         Tentacles         |    14 |     6 ||    20
         Punch             |     2 |       ||     2
         Whip              |     5 |       ||     5
         Mace              |       |    17 ||    17
   Fire: Sling             |    25 |    23 ||    48
  Throw: Dart              |       |     1 ||     1
    Use: Scroll            |       |     3 ||     3
         Potion            |       |     1 ||     1
   Stab: Sleeping          |     1 |       ||     1
 Armour: Skin              |     1 |       ||     1
  Dodge: Dodged            |    34 |    14 ||    48
  Block: Buckler           |    12 |     3 ||    15

Table legend: (Time is in decaauts)
 A = Elapsed time spent in this place.
 B = Non-inter-level travel time spent in this place.
 C = Inter-level travel time spent in this place.
 D = Time resting spent in this place.
 E = Time spent auto-exploring this place.
 F = Levels seen in this place.
 G = Mean time per level.
                   A        B        C        D        E       F      G
               +--------+--------+--------+--------+--------+-----+--------+
         Total |   1149 |   1101 |     48 |      0 |    659 |   4 |  287.2 |
       Dungeon |   1149 |   1101 |     48 |      0 |    659 |   4 |  287.2 |
               +--------+--------+--------+--------+--------+-----+--------+

Top non-repeatable levels by time:
     D:1: 523 daAuts
     D:2: 498 daAuts
     D:4: 107 daAuts
     D:3: 21 daAuts
